 Dungeon Crawl Stone Soup version 0.29-a0-1052-g6990b1bffc (webtiles) character file.

Game seed: 10532495632084334374

10670 Theblade121 the Unseen (level 11, -7/64 HPs)
             Began as an Octopode Brigand on Aug 17, 2022.
             Was an Initiate of Gozag.
             Mangled by Snorg the komodo dragon (29 damage)
             ... on level 11 of the Dungeon.
             The game lasted 01:22:02 (12136 turns).

Theblade121 the Unseen (Octopode Brigand)          Turns: 12136, Time: 01:22:13

Health: -7/64      AC:  9    Str: 15    XL:     11   Next: 65%
Magic:  11/11      EV: 15    Int: 16    God:    Gozag
Gold:   168        SH:  0    Dex: 16    Spells: 10/10 levels left

rFire   x . .      SeeInvis .   N - +4 scimitar of Mastery {flame, rC+ Int+3 Dex-2}
rCold   x . .      Faith    .   (no shield)
rNeg    . . .      Spirit   .   (helmet restricted)
rPois   +          Reflect  .   m - amulet of Elemental Vulnerability {rPois rF-- rC-- AC+8}
rElec   .          Harm     .   q - ring of ice
rCorr   +          Rampage  .   h - ring of fire
Will    +....                   J - ring "Rutedwaima" {rPois Will+ Str+4}
Stlth   +++++++...              O - ring of resist corrosion
HPRegen 0.20/turn               (no ring)
MPRegen 0.12/turn               (no ring)
                                (no ring)
                                (no ring)

@: no status effects
A: almost no armour, amphibious, 8 rings, camouflage 1, gelatinous body 1,
(nimble swimmer 1), tentacles, fire resistance 1, frail 1
a: Renounce Religion, Potion Petition, Call Merchant, Bribe Branch


You were on level 11 of the Dungeon.
You worshipped Gozag.
Gozag was aware of your devotion.
You visited 2 branches of the dungeon, and saw 12 of its levels.
You also visited: Bailey.

You collected 2342 gold pieces.
You spent 1573 gold pieces at shops.
You paid 601 gold pieces to Gozag.

Inventory:

Hand Weapons
 a - a +3 dagger of protection
 f - the +2 hand axe "Lusucvos" {venom, rPois Will+ Str+3 Stlth+}
   (You bought it in a shop on level 11 of the Dungeon)

   It poisons the flesh of those it strikes.
   Str:       It affects your strength (+3).
   rPois:     It protects you from poison.
   Will:      It increases your willpower.
   Stlth:     It makes you more stealthy.
 g - the +10 quarterstaff "Huninag" {vorpal, rElec rPois Str+9 Int-5}
   (You bought it in a shop on level 11 of the Dungeon)

   It inflicts extra damage upon your enemies.
   Str:       It affects your strength (+9).
   Int:       It affects your intelligence (-5).
   rElec:     It insulates you from electricity.
   rPois:     It protects you from poison.
 i - a +0 dagger of venom
 n - a +0 rapier
 v - a +4 long sword
 y - a +3 falchion of electrocution
 M - a +0 demon blade of electrocution
 N - the +4 scimitar of Mastery (weapon) {flame, rC+ Int+3 Dex-2}
   (You bought it in a shop on level 11 of the Dungeon)

   It burns those it strikes, dealing additional fire damage.
   Big, fiery blades are also staple armaments of hydra-hunters.
   Int:       It affects your intelligence (+3).
   Dex:       It affects your dexterity (-2).
   rC:        It protects you from cold.
Missiles
 b - 38 poisoned darts (quivered)
 c - 3 silver boomerangs
 s - 13 datura-tipped darts
 w - 5 curare-tipped darts
Armour
 k - a +0 kite shield
Jewellery
 h - a ring of fire (right tentacle)
 m - the amulet of Elemental Vulnerability (around mantle) {rPois rF-- rC-- AC+8}
   (You found it on level 3 of the Dungeon)

   [amulet of nothing]

   AC:        It affects your AC (+8).
   rF:        It makes you very vulnerable to fire.
   rC:        It makes you very vulnerable to cold.
   rPois:     It protects you from poison.
 q - a ring of ice (left tentacle)
 H - an amulet of magic regeneration
 J - the ring "Rutedwaima" (on tentacle) {rPois Will+ Str+4}
   (You found it in a bailey)

   [ring of willpower]

   Str:       It affects your strength (+4).
   rPois:     It protects you from poison.
   Will:      It increases your willpower.
 O - a ring of resist corrosion (on tentacle)
Wands
 p - a wand of flame (25)
 E - a wand of iceblast (11)
 G - a wand of polymorph (6)
 L - a wand of charming (6)
Scrolls
 d - a scroll of silence
 j - 2 scrolls of torment
 r - a scroll of fear
 t - 2 scrolls of teleportation
 u - 3 scrolls of vulnerability
 x - 2 scrolls of blinking
Potions
 e - 3 potions of flight
 o - 2 potions of brilliance
 z - 3 potions of cancellation
 A - 2 potions of invisibility {unknown}
 B - 2 potions of attraction {unknown}
 C - a potion of ambrosia {unknown}
 D - a potion of haste
 F - 4 potions of curing {unknown}
 P - a potion of might {unknown}
Miscellaneous
 K - a condenser vane (inert)


   Skills:
 - Level 5.2 Fighting
 - Level 6.2(7.3) Short Blades
 - Level 5.8(7.1) Long Blades
 - Level 0.1(0.3) Axes
 - Level 0.2(1.6) Maces & Flails
 - Level 0.1(1.6) Polearms
 * Level 2.6(2.7) Staves
 - Level 0.1 Ranged Weapons
 - Level 5.2 Throwing
 - Level 5.1 Dodging
 - Level 15.3 Stealth
 - Level 5.8 Shields
 - Level 0.3 Conjurations
 - Level 0.1 Hexes
 - Level 0.1 Summonings
 - Level 0.2 Necromancy
 - Level 0.1 Translocations
 - Level 0.1 Transmutations
 - Level 0.1 Fire Magic
 - Level 0.2 Ice Magic
 - Level 0.1 Air Magic
 - Level 0.3 Earth Magic
 - Level 0.4 Poison Magic
 - Level 0.2 Invocations
 - Level 5.2 Evocations


You had 10 spell levels left.
You didn't know any spells.
Your spell library contained the following spells:

 Spells                   Type           Power      Damage    Failure   Level
 Magic Dart               Conj           4%         1d3       22%         1
 Call Imp                 Summ           0%         N/A       36%         2
 Conjure Flame            Conj/Fire      1%         6-21      56%         3
 Ignite Poison            Fire/Tmut/Pois 1%         N/A       56%         3
 Mephitic Cloud           Conj/Pois/Air  1%         N/A       56%         3
 Sticky Flame             Conj/Fire      1%         2d3       92%         4
 Borgnjor's Vile Clutch   Necr/Erth      0%         N/A       99%         5
 Freezing Cloud           Conj/Ice/Air   0%         6-21      99%         5
 Death Channel            Necr           0%         N/A       100%        6
 Polar Vortex             Ice            0%         N/A       100%        9
 Animate Dead             Necr           Unusable   N/A       N/A         4
 Simulacrum               Ice/Necr       Unusable   N/A       N/A         6

Dungeon Overview and Level Annotations

Branches:
Dungeon (11/15)            Temple (1/1) D:5            Lair (0/5) D:10
    Orc (0/2) D:10         Bailey (visited)

Altars:
Ashenzari
Cheibriados
Dithmenos
Elyvilon
Fedhas
Gozag
Hepliaklqana
Kikubaaqudgha
Makhleb
Nemelex Xobeh
Okawaru
Qazlal
Ru
Sif Muna
Trog
Uskayaw
Vehumet
Wu Jian
Xom
Yredelemnul
Zin
The Shining One
Jiyva

Shops:
D:3 !   D:11 (

Annotations:
D:8 exclusions: ice statue and obsidian statue
D:9 1 transporter, Draxus42's ghost, journeyman HOFi
D:10 3 runed translucent doors, Smoky173's ghost, novice MiFi
D:11 Snorg


Innate Abilities, Weirdness & Mutations

You cannot wear most types of armour.
You are amphibious.
You can wear up to eight rings at the same time.
Your skin changes colour to match your surroundings (Stealth+).
Your rubbery body absorbs attacks. (AC +1, EV +1)
((You are camouflaged when in or above water. (Stealth+)))
You have tentacles for arms and can constrict up to eight enemies at once.
Your flesh is heat resistant. (rF+)
You are frail. (-10% HP)


Message History

Aiming: Polymorph
Press: ? - help, Shift-Dir - straight line, f/p - Snorg
Aim: Snorg (will become a komodo dragon, a black mamba, or a queen bee, chance to affect: 28%) Snorg easily resists.
Aiming: Polymorph
Press: ? - help, Shift-Dir - straight line, f/p - Snorg
Aim: Snorg (will become a komodo dragon, a black mamba, or a queen bee, chance to affect: 28%) Snorg easily resists.
Snorg barely misses you. Snorg closely misses you. x2
Aiming: Polymorph
Press: ? - help, Shift-Dir - straight line, f/p - Snorg
Aim: Snorg (will become a komodo dragon, a black mamba, or a queen bee, chance to affect: 28%) Snorg easily resists.
Snorg misses you. x2; Snorg claws you.
Aiming: Polymorph
Press: ? - help, Shift-Dir - straight line, f/p - Snorg
Aim: Snorg (will become a komodo dragon, a black mamba, or a queen bee, chance to affect: 28%) Snorg easily resists.
Snorg goes berserk!
Aiming: Polymorph
Press: ? - help, Shift-Dir - straight line, f/p - Snorg
Aim: Snorg (berserk, will become a komodo dragon, a black mamba, or a queen bee, chance to affect: 28%) Snorg easily resists.
Snorg closely misses you. Snorg misses you. Snorg claws you but does no damage.
Snorg bites you but does no damage. Snorg claws you. Snorg claws you!
Aiming: Polymorph
Press: ? - help, Shift-Dir - straight line, f/p - Snorg
Aim: Snorg (berserk, will become a komodo dragon, a black mamba, or a queen bee, chance to affect: 28%) Snorg evaporates and reforms as a komodo dragon!
Snorg closely misses you.
Press: ? - help, v - describe, . - travel The floor, spattered with blood.
You hit Snorg but do no damage. You squeeze Snorg.
Snorg is lightly wounded.
Snorg bites you!!
Aiming: Iceblast
Press: ? - help, Shift-Dir - straight line, p - Snorg The mass of ice explodes!
The iceblast engulfs Snorg!
Snorg is heavily wounded.
Snorg hisses menacingly.
Snorg bites you!!
You die...
Your body crumbles into a pile of gold.

#############
#............
#.....l......
#...@#
##....#######
#...........#
##..........#
#...###....#
########'#######
#......'....
....
#......#....
#.........
#......# ..


You could see Snorg the komodo dragon.

Vanquished Creatures
  3 two-headed ogres
  Pikel (D:6)
  A manticore (D:11)
  Joseph (D:9)
  An unseen horror (D:11)
  3 kobold demonologists (D:10)
  A troll (D:10)
  A hornet (D:9)
  Sigmund (D:2)
  A vampire (D:9)
  A wraith (D:9)
  A steam dragon (D:6)
  Menkaure (D:6)
  An acid dragon (D:10)
  A black bear (D:6)
  8 orc warriors
  3 sky beasts
  3 ogres
  2 ice beasts
  A lemure (D:6)
  2 centaurs
  A phantom (D:6)
  8 kobold brigands
  5 bullfrogs
  A gnoll sergeant (D:8)
  A scorpion (D:6)
  16 wights
  7 killer bees
  A howler monkey (D:11)
  4 hounds (D:5)
  4 gnoll boudas
  5 orc priests
  3 iguanas (D:6)
  Ijyb (D:3)
  9 orc wizards
  Robin (D:2)
  20 gnolls
  11 adders
  2 shadow imps
  4 white imps
  An ufetubus (D:6)
  4 dart slugs
  25 orcs
  8 ball pythons
  5 bats
  A bat zombie (D:2)
  5 endoplasms
  4 giant cockroaches
  11 goblins
  5 hobgoblins
  3 jackals (D:2)
  6 quokkas
  8 frilled lizards
  A giant cockroach zombie (D:2)
  A jackal skeleton (D:2)
  16 kobolds
  9 rats
255 creatures vanquished.

Vanquished Creatures (collateral kills)
  An ugly thing (D:11)
  A howler monkey (D:11)
2 creatures vanquished.

Grand Total: 257 creatures vanquished

Notes
Turn   | Place    | Note
-------+----------+-------------------------------------------
     0 | D:1      | Theblade121 the Octopode Brigand began the quest for the
                  | Orb.
     0 | D:1      | Reached XP level 1. HP: 14/14 MP: 1/1
   369 | D:1      | Reached XP level 2. HP: 14/19 MP: 2/2
   843 | D:1      | Reached XP level 3. HP: 24/24 MP: 3/3
  1236 | D:2      | Noticed Robin
  1247 | D:2      | Killed Robin
  1248 | D:2      | Reached XP level 4. HP: 27/29 MP: 4/4
  1646 | D:2      | Noticed Sigmund
  1652 | D:2      | Killed Sigmund
  1653 | D:2      | Reached XP level 5. HP: 18/34 MP: 5/5
  1653 | D:2      | Reached XP level 6. HP: 21/39 MP: 6/6
  2001 | D:3      | Found the amulet of Elemental Vulnerability {rPois rF--
                  | rC-- AC+8}
  2087 | D:3      | Found Quinare's Distillery.
  2125 | D:3      | Bought a potion of brilliance for 44 gold pieces
  2142 | D:3      | Noticed Ijyb
  2147 | D:3      | Reached skill level 1 in Evocations
  2152 | D:3      | Killed Ijyb
  2492 | D:3      | Found a hide-covered altar of Uskayaw.
  2761 | D:4      | Found a shimmering altar of Xom.
  2762 | D:4      | Found a hazy altar of Hepliaklqana.
  2764 | D:4      | Noticed a spectral ugly thing
  2967 | D:4      | Found a large runed translucent door.
  2967 | D:4      | Found a large runed translucent door.
  3086 | D:4      | Reached XP level 7. HP: 10/45 MP: 7/7
  3954 | D:4      | Found a glowing golden altar of the Shining One.
  3962 | D:4      | Found a blossoming altar of Fedhas.
  4002 | D:5      | Entered Level 5 of the Dungeon
  4087 | D:5      | Reached skill level 5 in Evocations
  4400 | D:5      | Reached skill level 6 in Stealth
  4405 | D:5      | Reached skill level 7 in Stealth
  4501 | D:5      | Found a staircase to the Ecumenical Temple.
  4521 | D:5      | Reached skill level 8 in Stealth
  4521 | D:5      | Reached XP level 8. HP: 50/50 MP: 8/8
  4550 | Temple   | Entered the Ecumenical Temple
  4802 | D:5      | Found an opulent altar of Gozag.
  4803 | D:5      | Found a snail-covered altar of Cheibriados.
  4806 | D:5      | Became a worshipper of Gozag Ym Sagoz the Greedy
  5133 | D:5      | Found a glowing silver altar of Zin.
  5133 | D:5      | Noticed an angel
  5296 | D:3      | Bought a potion of cancellation for 88 gold pieces
  5296 | D:3      | Bought a potion of flight for 33 gold pieces
  5362 | D:6      | Noticed Pikel
  5388 | D:6      | Killed Pikel
  5389 | D:6      | Reached skill level 11 in Stealth
  5664 | D:6      | Reached XP level 9. HP: 59/59 MP: 9/9
  5711 | D:6      | Noticed Menkaure
  5718 | D:6      | Killed Menkaure
  5719 | D:6      | Reached skill level 5 in Fighting
  5881 | D:6      | Found an iron altar of Okawaru.
  6515 | D:3      | Bought 2 potions of heal wounds for 110 gold pieces
  6515 | D:3      | Bought a potion of haste for 110 gold pieces
  6515 | D:3      | Bought 2 potions of cancellation for 176 gold pieces
  6803 | D:7      | Reached skill level 5 in Dodging
  7253 | D:7      | Found an ancient bone altar of Kikubaaqudgha.
  7381 | D:7      | Found a white marble altar of Elyvilon.
  7555 | D:8      | Noticed an obsidian statue
  7664 | D:8      | Found a flagged portal.
  7683 | D:8      | Reached skill level 5 in Throwing
  7867 | D:8      | Reached XP level 10. HP: 47/66 MP: 10/10
  7871 | D:8      | Reached skill level 1 in Long Blades
  7942 | Bailey   | Entered a bailey
  8266 | Bailey   | Found a burning altar of Makhleb.
  8452 | Bailey   | Identified the ring "Rutedwaima" {rPois Will+ Str+4}
  8792 | D:8      | Noticed an ice statue
  9057 | D:8      | Reached skill level 5 in Long Blades
  9203 | D:9      | Noticed Joseph
  9570 | D:8      | Reached skill level 1 in Shields
  9609 | D:9      | Killed Joseph
  9673 | D:9      | You fall into a shaft and drop 2 floors!
  9675 | D:11     | Bought a runed demon blade for 414 gold pieces
  9676 | D:11     | Bought a transparent scimitar for 207 gold pieces
  9676 | D:11     | Identified the +4 scimitar of Mastery {flame, rC+ Int+3
                  | Dex-2} (You bought it in a shop on level 11 of the Dungeon)
  9698 | D:10     | Entered Level 10 of the Dungeon
  9699 | D:10     | Found a sacrificial altar of Ru.
  9709 | D:10     | Found a staircase to the Lair.
  9767 | D:10     | Noticed a kobold demonologist
  9768 | D:10     | Noticed a kobold demonologist
  9774 | D:10     | Noticed a kobold demonologist
  9775 | D:10     | Killed a kobold demonologist
  9776 | D:10     | Killed a kobold demonologist
  9777 | D:10     | Reached skill level 5 in Shields
  9778 | D:10     | Killed a kobold demonologist
  9846 | D:10     | Found a runed translucent gate.
  9846 | D:10     | Found a runed translucent gate.
  9846 | D:10     | Found a runed translucent gate.
  9848 | D:10     | Noticed Smoky173's ghost (novice MiFi)
  9925 | D:9      | Reached XP level 11. HP: 72/72 MP: 11/11
 10065 | D:9      | Noticed Draxus42's ghost (journeyman HOFi)
 10112 | D:9      | Reached skill level 12 in Stealth
 10124 | D:9      | Found a transporter.
 10158 | D:9      | Noticed a two-headed ogre
 10174 | D:9      | Found a transporter.
 10175 | D:9      | Identified the ring "Riot" {rPois MP+9}
 10182 | D:9      | Noticed a cyclops
 10671 | D:10     | Reached skill level 13 in Stealth
 10926 | D:10     | Found a staircase to the Orcish Mines.
 11097 | D:10     | Noticed a two-headed ogre
 11108 | D:10     | Killed a two-headed ogre
 11457 | D:10     | Reached skill level 14 in Stealth
 11517 | D:10     | Found a viscous altar of Jiyva.
 11568 | D:11     | Noticed a manticore
 11571 | D:11     | Noticed a green ugly thing
 11584 | D:11     | Killed a green ugly thing
 11594 | D:11     | Killed a manticore
 11767 | D:11     | Noticed a two-headed ogre
 11773 | D:11     | Killed a two-headed ogre
 11774 | D:11     | Reached skill level 15 in Stealth
 11998 | D:11     | Bought a dazzling hand axe for 184 gold pieces
 11998 | D:11     | Identified the +2 hand axe "Lusucvos" {venom, rPois Will+
                  | Str+3 Stlth+} (You bought it in a shop on level 11 of the
                  | Dungeon)
 11998 | D:11     | Bought a scorched quarterstaff for 207 gold pieces
 11998 | D:11     | Identified the +10 quarterstaff "Huninag" {vorpal, rElec
                  | rPois Str+9 Int-5} (You bought it in a shop on level 11 of
                  | the Dungeon)
 12047 | D:11     | Noticed a two-headed ogre
 12054 | D:11     | Killed a two-headed ogre
 12106 | D:11     | Gained mutation: You have hidden genetic defects. [potion
                  | of mutation]
 12106 | D:11     | Gained mutation: You sometimes lose your temper in combat.
                  | [potion of mutation]
 12106 | D:11     | Lost mutation: You sometimes lose your temper in combat.
                  | [potion of mutation]
 12107 | D:11     | Lost mutation: You have hidden genetic defects. [potion of
                  | mutation]
 12107 | D:11     | Gained mutation: Your flesh is heat resistant. (rF+)
                  | [potion of mutation]
 12107 | D:11     | Gained mutation: You are frail. (-10% HP) [potion of
                  | mutation]
 12124 | D:11     | Noticed Snorg
 12134 | D:11     | Noticed Snorg
 12134 | D:11     | Snorg changed into Snorg the komodo dragon
 12136 | D:11     | Mangled by Snorg the komodo dragon

Illustrated notes

Levels and vault maps discovered:
D:1:      nicolae_arrival_memento_mori, layout_basic
D:2:      layout_loops_cross, serial_undead, serial_undead_f, serial_undead_e,
          serial_undead_e, serial_undead_b, uniq_sigmund, uniq_robin
D:3:      layout_loops_ring, mainiacjoe_overflow_24_doors, serial_shops,
          nicolae_shop_behind_doors, grunt_ministairs_14,
          kennysheep_small_spiral, uniq_ijyb
D:4:      layout_loops_corners, regret_index_temple_of_mockery,
          jmf_multi_god_temple2
D:5:      layout_loops_corners, mainiacjoe_overflow_divided_tiny, zin_angel,
          minmay_temple_entry_stoned_glass
D:6:      kennysheep_six_static_rooms, layout_basic,
          mainiacjoe_overflow_catwalk, uniq_menkaure, uniq_pikel
D:7:      layout_gridville, mainiacjoe_overflow_chevrons, lemuel_tele_altar
D:8:      minmay_separated_statues, layout_basic, enter_bailey_8
D:9:      layout_rooms, nzn_ghost_randoct, grunt_ministairs_9, uniq_joseph
D:10:     layout_roguey, nicolae_ru_sacrificial_ziggurat, lair_entry_dummy,
          orc_0_dummy, gammafunk_ghost_ooze
D:11:     layout_gridville, st_stairs_5, uniq_snorg
Temple:   jpeg_temple_alley_garden

Skill      XL: |  1  2  3  4  5  6  7  8  9 10 11 |
---------------+----------------------------------+-----
Short Blades   | 3 4 6 |  6.2
Evocations     | 4 5 |  5.2
Stealth        | 8 11 15 | 15.3
Fighting       | 4 5 |  5.2
Dodging        | 5 |  5.1
Throwing       | 5 |  5.2
Long Blades    | 5 |  5.8
Shields        | 5 |  5.8
Staves         | 2 |  2.6
Axes           | |  0.1
Maces & Flails | |  0.2
Polearms       | |  0.1
Ranged Weapons | |  0.1
Conjurations   | |  0.3
Hexes          | |  0.1
Summonings     | |  0.1
Necromancy     | |  0.2
Translocations | |  0.1
Transmutations | |  0.1
Fire Magic     | |  0.1
Ice Magic      | |  0.2
Air Magic      | |  0.1
Earth Magic    | |  0.3
Poison Magic   | |  0.4
Invocations    | |  0.2

Action                   |  1- 3 |  4- 6 |  7- 9 | 10-12 || total
-------------------------+-------+-------+-------+-------++-------
Melee: Dagger            |    65 |    77 |   260 |   102 ||   504
       Constrict         |    10 |    12 |    45 |    33 ||   100
       Tentacles         |     6 |    17 |    70 |    42 ||   135
       Punch             |       |       |     4 |     5 ||     9
       Scimitar          |       |       |       |    49 ||    49
       Quarterstaff      |       |       |       |     2 ||     2
Throw: Dart              |     1 |     6 |     1 |    11 ||    19
Invok: Call Merchant     |       |       |       |     1 ||     1
Evoke: Wand              |       |     3 |    12 |    56 ||    71
       Condenser vane    |       |       |       |     1 ||     1
  Use: Scroll            |     3 |     2 |     9 |    10 ||    24
       Potion            |       |       |     1 |     9 ||    10
 Stab: Sleeping          |    20 |    20 |    20 |     5 ||    65
       Distracted        |       |       |       |     4 ||     4
Armor: Skin              |     1 |     3 |    53 |    48 ||   105
Dodge: Dodged            |    15 |    26 |   154 |   144 ||   339
Block: Kite shield       |       |       |       |    43 ||    43

Table legend: (Time is in decaauts)
 A = Elapsed time spent in this place.
 B = Non-inter-level travel time spent in this place.
 C = Inter-level travel time spent in this place.
 D = Time resting spent in this place.
 E = Time spent auto-exploring this place.
 F = Levels seen in this place.
 G = Mean time per level.
                   A        B        C        D        E       F      G
               +--------+--------+--------+--------+--------+-----+--------+
         Total |  11979 |  11196 |    783 |   1868 |   6602 |  13 |  921.5 |
       Dungeon |  11216 |  10487 |    729 |   1559 |   6392 |  11 | 1019.6 |
        Temple |    228 |    174 |     54 |      0 |    170 |   1 |  228.0 |
        Bailey |    533 |    533 |      0 |    309 |     40 |   1 |  533.0 |
               +--------+--------+--------+--------+--------+-----+--------+

Top non-repeatable levels by time:
     D:8: 1491 daAuts
     D:4: 1335 daAuts
    D:10: 1151 daAuts
     D:5: 1132 daAuts
     D:1: 1073 daAuts
     D:6: 1071 daAuts
     D:7: 909 daAuts
     D:2: 850 daAuts
     D:3: 817 daAuts
     D:9: 806 daAuts
    D:11: 577 daAuts
  Bailey: 533 daAuts
  Temple: 228 daAuts
